 Dungeon Crawl Stone Soup version 0.19.5 (webtiles) character file.

4335 Gitz the Shield-Bearer (level 10, -2/91 HPs)
             Began as a Troll Fighter on May 24, 2017.
             Was a Believer of Hepliaklqana.
             Slain by an orc warrior
             ... wielding a +0 battleaxe
              (11 damage)
             ... on level 8 of the Dungeon.
             The game lasted 00:19:05 (5759 turns).

Gitz the Shield-Bearer (Troll Fighter)              Turns: 5759, Time: 00:19:06

Health: -2/91      AC:  8    Str: 29    XL:     10   Next: 12%
Magic:  9/9        EV: 11    Int:  4    God:    Hepliaklqana [**....]
Gold:   420        SH: 16    Dex:  9    Spells: 0 memorised, 9 levels left

rFire  . . .     SeeInvis .     o - +1 morningstar
rCold  + . .     Gourm    +     w - +2 robe {MR+}
rNeg   . . .     Faith    .     c - +1 shield
rPois  .         Spirit   .     (helmet restricted)
rElec  .         Reflect  .     l - +0 cloak
rCorr  .         Harm     .     (gloves unavailable)
MR     +....                    (boots unavailable)
Stlth  +.........               (no amulet)
                                a - +1 ring of protection
                                j - ring of flight

@: no status effects
A: unfitting armour, reduced essence, antennae 1, claws 3, large bone plates 1,
cold resistance 1, deformed body, fast metabolism 3, gourmand, regeneration 1,
shaggy fur 1, tough skin 2
a: Recall Ancestor, Ancestor Identity, Renounce Religion, Evoke Flight


You were on level 8 of the Dungeon.
You worshipped Hepliaklqana.
Hepliaklqana was pleased with you.
You were full.

You visited 1 branch of the dungeon, and saw 8 of its levels.

You collected 420 gold pieces.

Inventory:

Hand Weapons
 o - a +1 morningstar (weapon)
Armour
 c - a +1 shield (worn)
 l - a +0 cloak (worn)
 w - a +2 robe of magic resistance (worn)
Jewellery
 a - a +1 ring of protection (right claw)
 j - a ring of flight (left claw)
Wands
 A - a wand of slowing (21/48)
 D - a wand of random effects (29/48)
 E - a wand of random effects (25/48)
Scrolls
 b - a scroll of magic mapping {unknown}
 e - a scroll of amnesia {unknown}
 i - 2 scrolls of remove curse
 q - a scroll of teleportation {unknown}
 r - a scroll of blinking {unknown}
 u - a scroll of fog {unknown}
 z - 2 scrolls of identify
Potions
 d - 3 potions of might
 g - 2 potions of agility
 h - 3 potions of resistance
 k - a potion of haste
 m - 3 potions of curing
 n - a potion of brilliance
 C - a potion of heal wounds {unknown}
 F - a potion of invisibility {unknown}
Books
 s - a book of Geomancy

   Spells                             Type                      Level
   a - Sandblast                      Earth                        1
   b - Passwall                       Transmutation/Earth          2
   c - Stone Arrow                    Conjuration/Earth            3
   d - Petrify                        Transmutation/Earth          4
   e - Lee's Rapid Deconstruction     Earth                        5
 v - a book of Minor Magic

   Spells                             Type                      Level
   a - Magic Dart                     Conjuration                  1
   b - Blink                          Translocation                2
   c - Call Imp                       Summoning                    2
   d - Repel Missiles                 Charms/Air                   2
   e - Slow                           Hexes                        2
   f - Conjure Flame                  Conjuration/Fire             3
   g - Mephitic Cloud                 Conjuration/Poison/Air       3
 y - a book of Maledictions

   Spells                             Type                      Level
   a - Corona                         Hexes                        1
   b - Ensorcelled Hibernation        Hexes/Ice                    2
   c - Confuse                        Hexes                        3
   d - Tukima's Dance                 Hexes                        3
   e - Dazzling Spray                 Conjuration/Hexes            3
Comestibles
 f - 4 bread rations
 p - 3 fruits
 t - 2 slices of pizza
 x - 3 meat rations


   Skills:
 * Level 7.2 Fighting
 + Level 7.4 Maces & Flails
 + Level 3.0 Armour
 + Level 5.1 Dodging
 * Level 7.9 Shields


You had 9 spell levels left.
You didn't know any spells.

Dungeon Overview and Level Annotations

Branches:
Dungeon (8/15)             Temple (0/1) D:6
   Lair: D:8-11

Altars:
Ashenzari
Cheibriados
Gozag
Hepliaklqana
Kikubaaqudgha
Makhleb
Okawaru
Ru
Vehumet
Xom
Yredelemnul

Annotations:
D:8 Maurice


Innate Abilities, Weirdness & Mutations

You are too large for most types of armour.
You have claws for hands.
Your metabolism is lightning-fast.
You like to eat raw meat.
Your natural rate of healing is unusually fast.
You are covered in fur. (AC +1)
You have very tough skin. (AC +2)
Your life essence is reduced. (-10% HP)
You have a pair of small antennae on your head.
You are partially covered in large bone plates. (SH +4)
Your flesh is cold resistant. (rC+)
Armour fits poorly on your strangely shaped body.


Message History

Xiuhtonal hits the orc warrior but does no damage.
The orc warrior barely misses Xiuhtonal.
Xiuhtonal hits the orc warrior with a dagger of draining!
Xiuhtonal drains the orc warrior!
The orc warrior dies!
You are too injured to fight recklessly!
You are too injured to fight recklessly!
The orc warrior hits Xiuhtonal with a battleaxe!
You block the orc warrior's attack.
You barely miss the orc warrior.
Xiuhtonal hits the orc warrior but does no damage.
You barely miss the orc warrior.
The orc warrior barely misses Xiuhtonal.
The orc warrior hits you with a battleaxe!!
* * * LOW HITPOINT WARNING * * *
Xiuhtonal hits the orc warrior with a dagger of draining!
You barely miss the orc warrior.
The orc warrior is moderately wounded.
The orc warrior hits you with a battleaxe!
You die...

##'#######.####
#....#..#.#
######....# #
{#..### #. #))#
#.. {##)#
.oo{##)#
#o##R.# #ooo@##
######


You could see the friendly Xiuhtonal the hexer, 3 orc warriors and an orc.

Vanquished Creatures
  Pikel (D:7)
  Sigmund (D:3)
  The ghost of Gitz the Shield-Bearer, an amateur TrFi (D:3)
  An orc warrior (D:8)
  An ice beast (D:5)
  A sky beast (D:5)
  A necrophage (D:7)
  A phantom (D:7)
  2 slaves (D:7)
  2 ogres
  4 wolves (D:8)
  A centaur (D:6)
  A big kobold (D:7)
  4 bullfrogs (D:7)
  2 scorpions
  3 howler monkeys (D:8)
  A bullfrog zombie (D:7)
  3 crimson imps
  A quasit (D:7)
  3 orc priests
  Crazy Yiuf (D:2)
  A jelly (D:7)
  3 bullfrog skeletons
  2 centaur skeletons
  Jessica (D:3)
  An iguana (D:7)
  Natasha (thrice) (D:3)
  Terence (D:3)
  5 worker ants
  3 orc wizards
  3 gnolls (D:7)
  5 adders
  A shadow imp (D:5)
  3 oozes
  An adder zombie (D:8)
  A dart slug (D:1)
  6 leopard geckos
  28 orcs
  A ball python (D:1)
  6 bats
  2 bat skeletons (D:7)
  2 bat zombies (D:7)
  4 giant cockroaches
  2 goblins
  14 hobgoblins
  4 jackals
  16 kobolds
  2 quokkas
  3 frilled lizards
  A jackal skeleton (D:6)
  A quokka skeleton (D:6)
  5 rats
167 creatures vanquished.

Vanquished Creatures (collateral kills)
  Grum (D:8)
  Menkaure (D:7)
  2 orc warriors (D:8)
  2 phantoms
  Blork the orc (D:4)
  2 bullfrogs (D:7)
  A vampire bat (D:7)
  2 hounds
  An orc priest (D:6)
  An orc wizard (D:7)
  A centaur skeleton (D:7)
  A worker ant (D:8)
  An ooze (D:4)
  A worm (D:4)
  A dart slug (D:5)
  4 orcs
  A bat zombie (D:7)
  2 jackals (D:6)
  A quokka (D:4)
  A frilled lizard (D:4)
28 creatures vanquished.

Vanquished Creatures (others)
  3 hexers
3 creatures vanquished.

Grand Total: 198 creatures vanquished

Notes
Turn   | Place    | Note
-------+----------+-------------------------------------------
     0 | D:1      | Gitz the Troll Fighter began the quest for the Orb.
     0 | D:1      | Reached XP level 1. HP: 22/22 MP: 0/0
   125 | D:1      | Reached XP level 2. HP: 29/29 MP: 1/1
   595 | D:1      | Reached XP level 3. HP: 33/36 MP: 2/2
  1036 | D:2      | Found a faded altar of an unknown god.
  1170 | D:2      | Reached skill level 5 in Fighting
  1170 | D:2      | Reached skill level 5 in Shields
  1170 | D:2      | Reached XP level 4. HP: 50/50 MP: 3/3
  1309 | D:2      | Found an opulent altar of Gozag.
  1394 | D:2      | Found a runed door.
  1778 | D:2      | Noticed Crazy Yiuf
  1784 | D:2      | Killed Crazy Yiuf
  1849 | D:3      | Noticed Jessica
  1851 | D:3      | Killed Jessica
  1851 | D:3      | Reached XP level 5. HP: 57/57 MP: 4/4
  1853 | D:3      | Found a sacrificial altar of Ru.
  1853 | D:3      | Found a snail-covered altar of Cheibriados.
  1872 | D:3      | Found a shattered altar of Ashenzari.
  1872 | D:3      | Noticed Natasha
  1885 | D:3      | Killed Natasha
  1914 | D:3      | Noticed Sigmund
  1947 | D:3      | Killed Sigmund
  1947 | D:3      | Reached XP level 6. HP: 16/67 MP: 5/5
  1990 | D:3      | Found a hazy altar of Hepliaklqana.
  1993 | D:3      | Noticed Natasha
  2000 | D:3      | Killed Natasha
  2067 | D:3      | Found a basalt altar of Yredelemnul.
  2076 | D:3      | Noticed Terence
  2083 | D:3      | Killed Terence
  2181 | D:3      | Noticed Natasha
  2189 | D:3      | Killed Natasha
  2471 | D:3      | Noticed Gitz's ghost (amateur TrFi)
  2483 | D:3      | Killed Gitz's ghost
  2483 | D:3      | Reached XP level 7. HP: 63/74 MP: 6/6
  2576 | D:3      | Became a worshipper of Hepliaklqana the Forgotten
  2863 | D:4      | Noticed Blork the orc
  2874 | D:4      | Killed Blork the orc
  2878 | D:4      | Reached skill level 5 in Maces & Flails
  3113 | D:4      | Reached * piety under Hepliaklqana
  3156 | D:5      | Entered Level 5 of the Dungeon
  3199 | D:5      | Reached XP level 8. HP: 65/74 MP: 7/7
  3646 | D:5      | Gained mutation: You are partially covered in large bone plates. (SH +4) [mutagenic meat]
  3647 | D:5      | Gained mutation: Scrolls take you a little longer to read. [mutagenic meat]
  3648 | D:5      | Gained mutation: Your flesh is cold resistant. (rC+) [mutagenic meat]
  3649 | D:5      | Gained mutation: You have a pair of small antennae on your head. [mutagenic meat]
  3650 | D:5      | Lost mutation: Scrolls take you a little longer to read. [mutagenic meat]
  3651 | D:5      | Gained mutation: Armour fits poorly on your strangely shaped body. [mutagenic meat]
  3953 | D:6      | Reached ** piety under Hepliaklqana
  3958 | D:6      | Remembered your ancestor Xiuhtonal as a hexer
  4124 | D:6      | Found an ancient bone altar of Kikubaaqudgha.
  4197 | D:6      | Found a staircase to the Ecumenical Temple.
  4222 | D:6      | Found a radiant altar of Vehumet.
  4222 | D:6      | Found an iron altar of Okawaru.
  4253 | D:7      | Noticed Menkaure
  4265 | D:7      | Killed Menkaure
  4416 | D:7      | Reached XP level 9. HP: 58/82 MP: 8/8
  4853 | D:7      | Noticed Pikel
  4890 | D:7      | Killed Pikel
  5057 | D:7      | Found an ancient bone altar of Kikubaaqudgha.
  5296 | D:8      | Found a shimmering altar of Xom.
  5296 | D:8      | Found a burning altar of Makhleb.
  5431 | D:8      | Noticed Maurice
  5502 | D:8      | Noticed Grum
  5523 | D:8      | Reached skill level 5 in Dodging
  5539 | D:8      | Reached XP level 10. HP: 30/91 MP: 9/9
  5552 | D:8      | Killed Grum
  5759 | D:8      | Slain by an orc warrior

Skill      XL: |  1  2  3  4  5  6  7  8  9 |
---------------+----------------------------+-----
Maces & Flails | 2 4 5 6 7 |  7.4
Shields        | 5 6 7 |  7.9
Fighting       | 5 6 7 |  7.2
Armour         | 3 |  3.0
Dodging        | 4 5 |  5.1

Action                   |  1- 3 |  4- 6 |  7- 9 | 10-12 || total
-------------------------+-------+-------+-------+-------++-------
Melee: Flail             |   118 |   115 |       |       ||   233
       Morningstar       |       |    34 |   399 |    32 ||   465
Invok: Ancestor Life: He |       |       |     1 |       ||     1
  Use: Scroll            |     3 |     6 |     2 |       ||    11
       Potion            |     1 |       |       |       ||     1
 Stab: Sleeping          |       |     2 |     1 |       ||     3
       Distracted        |       |       |     2 |       ||     2
  Eat: Chunk             |    14 |    15 |    35 |       ||    64
Armor: Robe              |    34 |    25 |    65 |     2 ||   126
Dodge: Dodged            |    45 |    40 |   132 |     6 ||   223
Block: Shield            |    62 |    68 |   289 |    35 ||   454
